 Dungeon Crawl Stone Soup version 0.24-a0-479-g9a978d2894 (webtiles) character file.

Game seed: 3394430533884544669

12907 Inarius the Cleaver (level 11, 0/133 HPs)
             Began as a Demonspawn Hunter on July 8, 2019.
             Was a Believer of Trog.
             Slain by a cyclops (25 damage)
             ... on level 11 of the Dungeon.
             The game lasted 00:15:09 (11757 turns).

Inarius the Cleaver (Demonspawn Hunter)            Turns: 11757, Time: 00:15:10

Health: 0/133      AC: 13    Str: 28    XL:     11   Next: 68%
Magic:  13/13      EV: 15    Int: 12    God:    Trog [**....]
Gold:   795        SH:  0    Dex: 18    Spells: 10/10 levels left

rFire    . . .     SeeInvis .   w - +4 battleaxe (freeze)
rCold    . . .     Gourm    .   (shield currently unavailable)
rNeg     . . .     Faith    .   u - +1 leather armour of Tartarus {rElec Str+4 Dex+5 Stlth+}
rPois    .         Spirit   .   r - +1 hat
rElec    +         Reflect  .   C - +1 cloak
rCorr    .         Harm     .   (no gloves)
MR       .....                  v - +0 pair of boots
Stlth    ..........             (no amulet)
HPRegen  0.32/turn              j - +2 ring of strength
MPRegen  0.13/turn              N - ring of stealth

@: berserking (expiring), very quick
A: horns 1, iridescent scales 2, nightstalker 1, rot immunity
a: Berserk, Trog's Hand, Renounce Religion


You were on level 11 of the Dungeon.
You worshipped Trog.
Trog was pleased with you.
You were near starving.

You visited 2 branches of the dungeon, and saw 12 of its levels.

You collected 795 gold pieces.

Inventory:

Hand Weapons
 i - a +0 whip of freezing
 w - a +4 battleaxe of freezing (weapon)
 z - a +0 broad axe
 I - a +2 war axe of chopping
Missiles
 c - 4 javelins (quivered)
 g - a throwing net
Armour
 l - a +0 scale mail
 r - a +1 hat (worn)
 u - the +1 leather armour of Tartarus (worn) {rElec Str+4 Dex+5 Stlth+}
   (You found it on level 5 of the Dungeon)

   It affects your strength (+4).
   It affects your dexterity (+5).
   It insulates you from electricity.
   It makes you more stealthy.
 v - a +0 pair of boots (worn)
 C - a +1 cloak (worn)
 E - a +2 leather armour of cold resistance
 J - +0 ice dragon scales
Jewellery
 j - a +2 ring of strength (left hand)
 x - an uncursed ring of protection from fire
 L - an uncursed ring of protection from cold
 N - a ring of stealth (right hand)
Wands
 m - a wand of enslavement (25)
 K - a wand of acid (16)
Scrolls
 b - a scroll of fog
 d - 2 scrolls of blinking
 h - 2 scrolls of remove curse
 k - a scroll of immolation {unknown}
 p - 5 scrolls of teleportation
 t - 3 scrolls of enchant weapon
 y - 4 scrolls of magic mapping
 A - 2 scrolls of noise
 D - a scroll of fear {unknown}
 F - 2 scrolls of random uselessness {unknown}
Potions
 a - 2 potions of magic
 e - a potion of berserk rage
 n - a potion of mutation
 o - a potion of brilliance
 q - a potion of might
 s - 2 potions of flight
 B - a potion of cancellation
 G - a potion of heal wounds
 H - 2 potions of curing
Comestibles
 f - 20 rations
 M - 6 chunks of flesh


   Skills:
 * Level 9.2 Fighting
 * Level 12.6 Axes
 + Level 3.8 Throwing
 + Level 5.2 Armour
 + Level 5.2 Dodging
 + Level 2.0 Stealth
 * Level 2.9 Evocations


You had 10 spell levels left.
You didn't know any spells.
Your spell library was empty.

Dungeon Overview and Level Annotations

Branches:
Dungeon (11/15)            Temple (1/1) D:7            Lair (0/6) D:8
    Orc (0/2) D:9

Altars:
Ashenzari
Cheibriados
Dithmenos
Elyvilon
Fedhas
Gozag
Hepliaklqana
Kikubaaqudgha
Makhleb
Nemelex Xobeh
Okawaru
Qazlal
Ru
Trog
Uskayaw
Vehumet
Wu Jian
Xom
Yredelemnul
Zin
The Shining One

Shops:
D:7 *


Innate Abilities, Weirdness & Mutations

You have a pair of small horns on your head.
You are mostly covered in iridescent scales. (AC +4)
You are slightly more attuned to the shadows.
You are immune to rotting.


Message History

Unknown command.
Unknown command.
The cyclops misses you. The cyclops hits you!!
* * * LOW HITPOINT WARNING * * *
Things that are here:
3 large rocks; a cyclops corpse Unknown command.
You slash the cyclops! You freeze the cyclops.
The cyclops is moderately wounded.
You slice the cyclops!! You freeze the cyclops. You slash the cyclops!
You freeze the cyclops.
The crimson imp shouts, "Give up, thou pox-marked doghearted cross-patch!"
The cyclops hits you but does no damage.
Unknown command.
Unknown command.
You slash the cyclops! You freeze the cyclops. You headbutt the cyclops!
The cyclops is almost dead.
You slash the cyclops! You freeze the cyclops. You slash the cyclops!
You freeze the cyclops. The cyclops hits you!!
You die...

######## ####
.......##### #.#.
.....C(†..(##### #...
.....C@###.....######..
......C# #####.........
###'#### #########. ..
## .. # . # ### ...
#...


You could see 3 cyclopes.

Vanquished Creatures
  Erolcha (D:9)
  Harold (D:6)
  A two-headed ogre (D:11)
  Erica (D:8)
  An unseen horror (D:10)
  Pikel (D:5)
  3 cyclopes (D:11)
  Joseph (D:8)
  A troll (D:6)
  Sigmund (D:5)
  Eustachio (D:6)
  7 yaks
  A human (D:7)
  4 hogs (D:7)
  A hungry ghost (D:10)
  Menkaure (D:4)
  5 wargs
  A water moccasin (D:8)
  4 slaves (D:5)
  3 ice beasts
  2 sky beasts
  An orc warrior (D:9)
  2 phantoms
  A black bear (D:8)
  10 ogres
  A wolf (D:11)
  5 centaurs
  A necrophage (D:5)
  5 bullfrogs
  2 scorpions
  17 killer bees
  5 wights (D:6)
  2 howler monkeys (D:8)
  5 crimson imps
  4 hounds
  2 quasits
  A bullfrog zombie (D:9)
  A jelly (D:8)
  2 orc wizards
  An orc priest (D:5)
  A bullfrog skeleton (D:6)
  An iguana (D:8)
  11 worker ants
  A killer bee zombie (D:6)
  2 hound zombies
  A worker ant zombie (D:5)
  9 adders
  3 gnolls (D:3)
  A howler monkey skeleton (D:5)
  A shadow imp (D:9)
  An ooze (D:4)
  An adder skeleton (D:9)
  3 worms
  2 dart slugs
  5 leopard geckos
  13 orcs
  3 ball pythons
  2 bats
  9 giant cockroaches
  8 goblins
  3 hobgoblins
  9 jackals
  2 quokkas
  2 frilled lizards
  11 kobolds
  A quokka skeleton (D:6)
  7 rats
223 creatures vanquished.

Vanquished Creatures (collateral kills)
  An ogre (D:11)
  A scorpion (D:11)
2 creatures vanquished.

Vanquished Creatures (others)
  A plant (D:8)
1 creature vanquished.

Grand Total: 226 creatures vanquished

Notes
Turn   | Place    | Note
-------+----------+-------------------------------------------
     0 | D:1      | Inarius the Demonspawn Hunter began the quest for the Orb.
     0 | D:1      | Reached XP level 1. HP: 16/16 MP: 1/1
   781 | D:1      | Gained mutation: You are partially covered in iridescent
                  | scales. (AC +2) [demonic ancestry]
   781 | D:1      | Reached XP level 2. HP: 20/23 MP: 2/2
  1148 | D:2      | You fall into a shaft and drop 2 floors!
  1214 | D:4      | Found a sparkling altar of Nemelex Xobeh.
  1235 | D:4      | Reached skill level 1 in Armour
  1235 | D:4      | Gained mutation: You have a pair of small horns on your
                  | head. [demonic ancestry]
  1235 | D:4      | Reached XP level 3. HP: 10/28 MP: 3/3
  1514 | D:4      | Reached XP level 4. HP: 8/35 MP: 4/4
  2063 | D:4      | Reached XP level 5. HP: 10/42 MP: 5/5
  2377 | D:4      | Noticed an ogre
  2379 | D:4      | Noticed an ogre
  2392 | D:4      | Killed an ogre
  2404 | D:4      | Killed an ogre
  2404 | D:4      | Reached XP level 6. HP: 18/49 MP: 6/6
  3959 | D:3      | Reached skill level 1 in Axes
  4582 | D:4      | Noticed Menkaure
  4616 | D:4      | Killed Menkaure
  4616 | D:4      | Reached skill level 2 in Axes
  4616 | D:4      | Gained mutation: You are immune to rotting. [demonic
                  | ancestry]
  4616 | D:4      | Reached XP level 7. HP: 11/55 MP: 7/7
  4974 | D:4      | Reached skill level 3 in Axes
  5364 | D:5      | Entered Level 5 of the Dungeon
  5370 | D:5      | Reached skill level 5 in Fighting
  5532 | D:5      | Reached skill level 4 in Axes
  5535 | D:5      | Reached XP level 8. HP: 50/62 MP: 8/8
  5613 | D:5      | Noticed Sigmund
  5625 | D:5      | Killed Sigmund
  5625 | D:5      | Reached skill level 5 in Axes
  5820 | D:5      | Noticed Pikel
  6001 | D:5      | Killed Pikel
  6001 | D:5      | Reached skill level 6 in Axes
  6428 | D:5      | Got a spiked leather armour
  6439 | D:5      | Identified the +1 leather armour of Tartarus {rElec Str+4
                  | Dex+5 Stlth+} (You found it on level 5 of the Dungeon)
  6459 | D:6      | Noticed Eustachio
  6462 | D:6      | Reached skill level 7 in Axes
  6462 | D:6      | Reached XP level 9. HP: 54/69 MP: 9/9
  6682 | D:6      | Killed Eustachio
  6947 | D:6      | Reached skill level 8 in Axes
  7008 | D:6      | Noticed a troll
  7017 | D:6      | Killed a troll
  7067 | D:6      | Found a sacrificial altar of Ru.
  7192 | D:6      | Found a glowing silver altar of Zin.
  7199 | D:6      | Found an ancient bone altar of Kikubaaqudgha.
  7199 | D:6      | Found a snail-covered altar of Cheibriados.
  7200 | D:6      | Found a shadowy altar of Dithmenos.
  7282 | D:7      | Found Eshuqeth's General Store.
  7289 | D:7      | Noticed Harold
  7357 | D:6      | Killed Harold
  7357 | D:6      | Reached skill level 9 in Axes
  7507 | D:7      | Found an opulent altar of Gozag.
  7560 | D:7      | Found a staircase to the Ecumenical Temple.
  7569 | Temple   | Entered the Ecumenical Temple
  7588 | Temple   | Became a worshipper of Trog the Wrathful
  7644 | D:7      | Gained mutation: You are slightly more attuned to the
                  | shadows. [demonic ancestry]
  7644 | D:7      | Reached XP level 10. HP: 60/79 MP: 10/10
  8112 | D:7      | Reached skill level 10 in Axes
  8436 | D:8      | Found a staircase to the Lair.
  8738 | D:8      | Noticed Joseph
  8756 | D:8      | Killed Joseph
  8971 | D:8      | Reached * piety under Trog
  8975 | D:8      | Reached skill level 5 in Armour
  9259 | D:8      | Noticed Erica
  9263 | D:8      | Killed Erica
  9263 | D:8      | Reached skill level 11 in Axes
  9531 | D:9      | Noticed Erolcha
  9542 | D:9      | Killed Erolcha
  9542 | D:9      | Reached skill level 1 in Stealth
  9542 | D:9      | Reached skill level 1 in Evocations
  9550 | D:9      | Gained mutation: You are mostly covered in iridescent
                  | scales. (AC +4) [demonic ancestry]
  9550 | D:9      | Reached XP level 11. HP: 56/87 MP: 11/11
  9693 | D:9      | Found a shattered altar of Ashenzari.
  9793 | D:9      | Reached skill level 5 in Dodging
 10020 | D:9      | Found a staircase to the Orcish Mines.
 10352 | D:9      | Found a white marble altar of Elyvilon.
 10536 | D:10     | Entered Level 10 of the Dungeon
 10996 | D:10     | Found an ornate altar of the Wu Jian Council.
 11171 | D:10     | Killed an unseen horror
 11171 | D:10     | Reached skill level 12 in Axes
 11540 | D:11     | Noticed a two-headed ogre
 11570 | D:11     | Killed a two-headed ogre
 11745 | D:11     | Reached ** piety under Trog
 11757 | D:11     | Slain by a cyclops

Levels and vault maps discovered:
D:1:      lightli_arrival_quake, layout_loops_cross
D:2:      layout_basic, serial_park_tiny_1, chequers_serial_rivers_micro_b
D:3:      layout_loops_ring
D:4:      layout_cave_pods, nemelex_xobeh_ov_fountains_minmay,
          minmay_misc_feat_ornament, minivault_24, minmay_misc_feat_roman,
          uniq_menkaure
D:5:      layout_cave_pools, first_ration, uniq_pikel, uniq_sigmund
D:6:      layout_rooms, nicolae_ru_path_of_blood, minitemple, uniq_eustachio
D:7:      layout_cave_pools, grunt_gozag_breadcrumbs, minmay_temple_entry_ruins,
          serial_shops, shop, grunt_livestock, uniq_harold
D:8:      layout_loops_corners, dpeg_oklobed_lair, uniq_joseph, uniq_erica
D:9:      layout_loops_ring, cheibrodos_ashenzari_chains, elyvilon_altar_5,
          orc_0_dummy, corexii_hall_statues_u, skrybe_limestone_x, uniq_erolcha
D:10:     layout_irregular_city, basic_altar, roderic_roman_lattice
D:11:     giant_chief_lemuel, layout_rooms
Temple:   cyrus_circular_temple

Skill      XL: |  1  2  3  4  5  6  7  8  9 10 11 |
---------------+----------------------------------+-----
Dodging        | 2 3 4 5 |  5.2
Armour         | 1 2 3 4 5 |  5.2
Fighting       | 3 4 5 6 7 8 9 |  9.2
Axes           | 2 4 7 9 11 12 | 12.6
Stealth        | 1 2 |  2.0
Evocations     | 1 2 |  2.9
Throwing       | |  3.8

Action                   |  1- 3 |  4- 6 |  7- 9 | 10-12 || total
-------------------------+-------+-------+-------+-------++-------
Melee: Short sword       |   100 |    80 |       |       ||   180
       Headbutt          |     3 |    40 |    47 |    43 ||   133
       Battleaxe         |       |   108 |   213 |   191 ||   512
       Dagger            |       |    17 |       |       ||    17
Throw: Javelin           |     2 |     2 |     6 |     5 ||    15
       Throwing net      |     2 |       |       |     1 ||     3
Invok: Berserk           |       |       |       |     3 ||     3
Evoke: Wand              |       |       |       |     1 ||     1
  Use: Scroll            |       |     1 |     8 |     7 ||    16
       Potion            |       |     1 |     3 |       ||     4
 Stab: Sleeping          |     1 |       |     2 |     6 ||     9
  Eat: Chunk             |     2 |    10 |     9 |    16 ||    37
Armor: Leather armour    |    21 |    11 |    36 |    83 ||   151
       Scale mail        |       |    89 |    87 |       ||   176
Dodge: Dodged            |    57 |   181 |   195 |   174 ||   607

Table legend:
 A = Non-vault XP
 B = Vault XP
 C = Vault XP percentage of total XP
 D = Non-vault monster count
 E = Vault monster count
 F = Vault count percentage of total count
                 A         B        C        D         E       F
            +---------+---------+-------+---------+---------+-------
      Total |    9263 |    9176 |  49.8 |     195 |      26 |  11.8
            +---------+---------+-------+---------+---------+-------
        D:1 |      23 |       0 |   0.0 |      14 |       0 |   0.0
        D:2 |      82 |       0 |   0.0 |      20 |       0 |   0.0
        D:3 |     104 |       0 |   0.0 |      25 |       0 |   0.0
        D:4 |     666 |     169 |  20.2 |      19 |       1 |   5.0
        D:5 |     859 |     897 |  51.1 |      19 |       2 |   9.5
        D:6 |    1270 |    1192 |  48.4 |      25 |       2 |   7.4
        D:7 |     277 |     997 |  78.3 |       5 |       5 |  50.0
        D:8 |    1616 |    1363 |  45.8 |      23 |       2 |   8.0
        D:9 |    1819 |    1042 |  36.4 |      24 |       1 |   4.0
       D:10 |    2248 |     283 |  11.2 |      16 |       2 |  11.1
       D:11 |     229 |    3233 |  93.4 |       4 |      11 |  73.3
     Temple |      70 |       0 |   0.0 |       1 |       0 |   0.0
            +---------+---------+-------+---------+---------+-------
